 Dungeon Crawl Stone Soup version 0.30.0-29-ga12c61a403 (webtiles) character file.

Game seed: 17507417594663812609

221 valliere the Insei (level 5, 0/41 HPs)
             Began as a Demigod Transmuter on June 24, 2023.
             Slain by a gnoll
             ... wielding a +0 spear
             ... led by a gnoll bouda
              (3 damage)
             ... on level 4 of the Dungeon.
             The game lasted 00:06:53 (2558 turns).

valliere the Insei (Demigod Transmuter)             Turns: 2558, Time: 00:06:54

Health: 0/41       AC:  5    Str: 17    XL:     5   Next: 37%
Magic:  11/11      EV: 11    Int: 19    God:
Gold:   159        SH:  0    Dex: 14    Spells: 7/8 levels left

rFire   . .          .
                       - Unarmed
rCold   . . .        (no shield)
rNeg    . . .        j - +0 ring mail
rPois   .            (helmet currently unavailable)
rElec   .            (no cloak)
rCorr   .            (no gloves)
SInv    .            (boots currently unavailable)
Will    .....        (no amulet)
Stlth   +            e - +4 ring of slaying
HPRegen 0.26/turn    h - +6 ring of strength
MPRegen 0.12/turn

%: no passive effects
@: appendages (expiring)
A: horns 2, talons 2, high MP 1, forlorn, divine attributes
a: End Transformation


You were on level 4 of the Dungeon.
You had temporarily grown beastly horns and talons.
You visited 1 branch of the dungeon, and saw 4 of its levels.

You collected 159 gold pieces.

Inventory:

Armour
 a - a +0 robe
 j - a +0 ring mail (worn)
Jewellery
 e - a +4 ring of slaying (left hand)
 h - a +6 ring of strength (right hand)
 l - a ring of magical power
Scrolls
 d - a scroll of fear {unknown}
 i - a scroll of blinking {unknown}
 m - a scroll of teleportation {unknown}
 p - a scroll of fog {unknown}
 q - 2 scrolls of identify {unknown}
Potions
 b - 2 potions of lignification
 c - 3 potions of heal wounds {unknown}
 f - 3 potions of curing {unknown}
 g - a potion of brilliance {unknown}
 k - a potion of flight {unknown}
 n - a potion of berserk rage {unknown}
 o - a potion of might {unknown}


   Skills:
 + Level 2.0 Fighting
 + Level 0.7 Armour
 + Level 2.6 Dodging
 * Level 3.7 Unarmed Combat
 + Level 2.3 Spellcasting
 * Level 3.1 Transmutations


You had 7 spell levels left.
You knew the following spells:

 Your Spells              Type           Power      Damage    Failure   Level
a - Beastly Appendage     Tmut           28%        N/A       9%          1

Your spell library contained the following spells:

 Spells                   Type           Power      Damage    Failure   Level
 Wereblood                Tmut           14%        N/A       12%         2
 Spider Form              Tmut/Pois      8%         N/A       43%         3
 Portal Projectile        Hex/Tloc       4%         N/A       65%         3
 Tukima's Dance           Hex            2%         N/A       65%         3
 Ice Form                 Ice/Tmut       8%         N/A       83%         4
 Blade Hands              Tmut           7%         N/A       92%         5


Dungeon Overview and Level Annotations

Branches:
Dungeon (4/15)
 Temple: D:4-7

Shops:
D:3 [


Innate Abilities, Weirdness & Mutations

You have temporarily grown beastly horns and talons.
You have an increased reservoir of magic. (+10% MP)
You shall have no god before yourself.
Your divine heritage dramatically boosts your attributes as you level up.


Message History

You claw the kobold.
You kill the kobold!
You hit the gnoll. You claw the gnoll! You headbutt the gnoll.
You kill the gnoll!
A gnoll comes into view. It is wielding a +0 spear.
A gnoll comes into view. It is wielding a +0 flail.
The gnoll shouts! x2; You hear a shout! x2
The orc hits you with a +0 whip.
You see here a +0 whip.
You hit the orc. You claw the orc.
You kill the orc!
The gnoll misses you.
You hit the gnoll bouda.
You claw the gnoll bouda, but do no damage.
You headbutt the gnoll bouda.
The gnoll bouda is heavily wounded.
You closely miss the gnoll bouda.
You claw the gnoll bouda, but do no damage.
You headbutt the gnoll bouda!
You kill the gnoll bouda!
The gnoll hits you from afar with a +0 spear.
Your Fighting skill increases to level 2!
A gnoll comes into view. It is wielding a +0 flail.
The gnoll shouts!
The gnoll hits you with a +0 spear. The gnoll hits you with a +0 flail.
The gnoll hits you from afar with a +0 spear.
Items here: )) [ †.
You hit the gnoll. You claw the gnoll.
The gnoll is heavily wounded.
The gnoll hits you with a +0 spear. The gnoll hits you with a +0 flail!
* * * LOW HITPOINT WARNING * * *
The gnoll hits you from afar with a +0 spear!
* * * LOW HITPOINT WARNING * * *
Okay, then.
You punch the gnoll!
You kill the gnoll!
Your transformation is almost over.
The gnoll hits you but does no damage.
The gnoll hits you from afar with a +0 spear.
You die...

#.. ##..##............. #
##..#.##.......... ..#
#....##.........#
.o.###.#.###.......).#
......#.##...........
..##)...#............ .
#. #..#.............. g..
#. #)....#..........#
#...#.##@.##......#.#####
#.....g).#..###..#.#####
###..gg...>........##...
#..........##.........
#..........#..........
#........##...........
.......................
..#.#.....##............
..#.#.....#...##...#....


You could see 3 gnolls.

Vanquished Creatures
  A jelly (D:4)
  Jessica (D:3)
  A gnoll bouda (D:4)
  5 gnolls (D:4)
  3 adders (D:2)
  A worm (D:1)
  2 dart slugs (D:1)
  An orc (D:4)
  6 bats
  3 endoplasms
  3 goblins
  8 hobgoblins
  7 jackals
  5 kobolds
  A quokka (D:2)
  8 ball pythons
  4 frilled lizards
  4 rats
64 creatures vanquished.

Notes
Turn   | Place    | Note
-------+----------+-------------------------------------------
     0 | D:1      | valliere the Demigod Transmuter began the quest for the
                  | Orb.
     0 | D:1      | Reached XP level 1. HP: 15/15 MP: 5/5
    69 | D:1      | Reached skill level 1 in Fighting
   194 | D:1      | Reached XP level 2. HP: 23/23 MP: 5/7
   857 | D:1      | Reached XP level 3. HP: 15/28 MP: 8/8
  1517 | D:3      | Noticed Jessica
  1524 | D:3      | Killed Jessica
  1525 | D:3      | Reached XP level 4. HP: 33/35 MP: 7/9
  2025 | D:3      | Found Odited's Antique Armour Emporium.
  2290 | D:4      | Reached XP level 5. HP: 39/41 MP: 11/11
  2558 | D:4      | Slain by a gnoll

Illustrated notes

Levels and vault maps discovered:
D:1:      amcnicky_arrival_flooded_fountain, layout_loops_ring
D:2:      layout_rooms
D:3:      layout_basic, serial_shops, nicolae_shop_rolling_square,
          serial_bayou_lagoon_a, bh_walls_and_bars, uniq_jessica
D:4:      layout_rooms, minmay_cupped

Skill      XL: |  1  2  3  4  5 |
---------------+----------------+-----
Fighting       | 1 2 |  2.0
Transmutations | 2 3 |  3.1
Dodging        | 2 |  2.6
Unarmed Combat | 3 |  3.7
Spellcasting   | 2 |  2.3
Armour         | |  0.7

Action                     |  1- 3 |  4- 6 || total
---------------------------+-------+-------++-------
  Melee: Unarmed           |   101 |    35 ||   136
         Kick              |    12 |    11 ||    23
         Headbutt          |     8 |     9 ||    17
         Punch             |     1 |       ||     1
   Cast: Beastly Appendage |    27 |    12 ||    39
   Stab: Sleeping          |     1 |       ||     1
 Armour: Robe              |    15 |       ||    15
         Ring mail         |       |     7 ||     7
  Dodge: Dodged            |    68 |    12 ||    80
